Map: Deathaura LE

Players

Heeebster - Winner!

  • Race: Protoss Protoss
  • League: Diamond
  • Spawn Location: 11:00

weisoflife

  • Race: Zerg Zerg
  • League: Diamond
  • Spawn Location: 5:00

VOD

Have the link to the VOD?

Description

Time

  • Played on: Nov. 15, 2020, 3:15 p.m.
  • Length: 11:18
Show
View Real Time Build Order
Export as new Build Order

Heeebster Protoss - Winner!

Build Orders: Nexus First, Archon Immortal 

Get SALT Encoding   

  12  0:01  Probe  
  13  0:13  Probe (Chrono Boost)  
  14  0:19  Pylon  
  14  0:25  Probe (Chrono Boost)  
  15  0:35  Probe (Chrono Boost)  
  16  0:47  Probe  
  17  1:00  Nexus  
  17  1:11  Gateway  
  17  1:14  Probe  
  18  1:19  Assimilator  
  18  1:26  Assimilator  
  18  1:29  Probe (Chrono Boost)  
  19  1:39  Probe (Chrono Boost)  
  20  1:45  Gateway  
  20  1:46  Probe  
  21  1:58  Probe  
  21  2:00  Cybernetics Core  
  22  2:13  Probe (Chrono Boost)  
  24  2:15  Probe (Chrono Boost)  
  24  2:22  Probe (Chrono Boost)  
  25  2:25  Probe (Chrono Boost)  
  25  2:27  Probe (Chrono Boost)  
  25  2:29  Pylon  
  27  2:37  Pylon  
  27  2:39  Probe  
  27  2:41  Probe  
  27  2:43  Stalker (Chrono Boost)  
  28  2:46  Warp Gate  
  30  2:51  Probe  
  30  2:57  Stalker (Chrono Boost), Probe  
  34  3:03  Robotics Facility  
  34  3:08  Probe (Chrono Boost)  
  34  3:10  Probe (Chrono Boost)  
  36  3:15  Shield Battery  
  36  3:21  Probe (Chrono Boost)  
  38  3:27  Probe (Chrono Boost)  
  38  3:29  Probe (Chrono Boost)  
  38  3:33  Probe (Chrono Boost)  
  40  3:35  Twilight Council, Probe  
  40  3:40  Pylon  
  41  3:45  Probe  
  41  3:47  Probe  
  43  3:51  Assimilator  
  43  3:52  Assimilator  
  43  3:55  Immortal (Chrono Boost)  
  43  3:57  Probe  
  43  3:59  Probe  
  49  4:07  Pylon  
  49  4:08  Charge (Chrono Boost)  
  49  4:13  Probe x2  
  51  4:25  Probe  
  51  4:27  Gateway  
  51  4:29  Gateway  
  51  4:30  Gateway  
  52  4:34  Immortal (Chrono Boost)  
  56  4:41  Templar Archives  
  56  4:46  Gateway  
  56  4:51  Gateway  
  56  4:54  Zealot  
  58  5:02  Pylon, Probe  
  58  5:03  Probe  
  58  5:07  Psionic Storm  
  60  5:15  Pylon  
  60  5:25  Immortal  
  64  5:29  Zealot x2  
  64  5:34  Pylon  
  68  5:44  High Templar x3  
  68  5:49  High Templar  
  76  5:51  Zealot  
  76  5:55  Pylon  
  76  5:56  Pylon  
  78  6:03  Warp Prism (Chrono Boost)  
  80  6:06  Zealot x2  
  84  6:19  Zealot x2  
  88  6:26  Zealot x2  
  88  6:27  Zealot  
  94  6:34  Pylon  
  94  6:35  Pylon  
  94  6:39  Immortal (Chrono Boost)  
  98  6:57  Zealot x6  
  98  6:58  Zealot  
  112  7:11  Immortal  
  88  7:31  Zealot x3  
  88  7:32  Zealot x4  
  82  7:50  Immortal  
  74  7:54  Zealot x6  
  58  8:27  Zealot x2  
  58  8:28  Zealot x5  
  58  8:33  Warp Prism (Chrono Boost)  
  74  8:48  Nexus  
  74  8:53  Pylon  
  74  8:59  Zealot x4  
  74  9:00  Zealot  
  70  9:24  Probe x2  
  71  9:26  High Templar x7  
  86  9:36  Probe  
  86  9:37  Pylon  
  87  9:42  Gateway  
  87  9:46  Archon  
  87  9:51  Archon  
  87  9:58  High Templar x7  
  101  10:02  Archon x3  
  101  10:10  Probe  
  101  10:13  Shield Battery  
  102  10:14  Shield Battery  
  102  10:16  Shield Battery  
  102  10:19  Pylon  
  102  10:22  Probe  
  103  10:30  Zealot x4  
  103  10:31  Zealot x3  
  105  10:57  High Templar x2  
  105  10:58  High Templar x3  
  105  11:00  Zealot x2  
  105  11:02  Archon x2  
Show
View Real Time Build Order
Export as new Build Order

weisoflife Zerg 

Build Orders: Hatch First 

Get SALT Encoding   

  12  0:00  Drone  
  13  0:12  Overlord  
  13  0:16  Drone  
  14  0:31  Drone x2  
  16  0:48  Hatchery  
  15  0:51  Drone  
  15  0:55  Drone  
  17  0:58  Drone  
  18  1:10  Extractor  
  17  1:14  Spawning Pool  
  17  1:17  Drone  
  17  1:20  Drone  
  18  1:30  Drone  
  19  1:41  Overlord  
  19  2:01  Queen x2  
  19  2:02  Zergling x2  
  19  2:03  Zergling x2  
  19  2:06  Drone  
  26  2:13  Drone x2  
  26  2:15  Metabolic Boost  
  28  2:26  Drone  
  28  2:27  Drone  
  30  2:43  Drone, Overlord  
  30  2:44  Hatchery  
  30  2:52  Queen  
  30  2:53  Drone  
  33  3:03  Drone x3  
  36  3:12  Drone x2  
  38  3:16  Roach Warren  
  38  3:17  Overlord  
  38  3:18  Drone  
  38  3:20  Drone  
  39  3:27  Zergling x4  
  39  3:28  Zergling x2  
  42  3:35  Overlord  
  42  3:36  Drone x2  
  44  3:45  Overlord  
  44  3:47  Overlord x2  
  44  3:59  Drone, Overlord  
  44  4:00  Drone x4  
  49  4:05  Lair  
  49  4:06  Drone x2  
  49  4:09  Extractor  
  50  4:10  Extractor  
  50  4:16  Overlord  
  50  4:17  Drone x2  
  50  4:20  Drone  
  50  4:22  Drone  
  53  4:34  Spore Crawler  
  53  4:35  Spore Crawler  
  53  4:36  Spore Crawler  
  50  4:45  Drone, Overlord  
  50  4:46  Drone x6  
  50  4:50  Drone x5  
  62  4:56  Roach  
  64  5:04  Roach x2  
  68  5:16  Glial Reconstitution  
  68  5:18  Zergling x20  
  68  5:21  Extractor  
  77  5:31  Roach x3  
  83  5:37  Roach x3  
  89  5:43  Overseer  
  89  5:52  Roach  
  89  5:53  Roach x2  
  89  5:56  Zergling x6  
  98  5:57  Overlord  
  98  5:58  Overlord x3  
  98  6:03  Extractor  
  97  6:06  Extractor  
  97  6:08  Hydralisk Den  
  97  6:09  Queen  
  97  6:16  Roach x2  
  97  6:17  Roach x5  
  111  6:22  Overseer  
  111  6:25  Drone  
  111  6:26  Drone x5  
  111  6:29  Ravager  
  118  6:38  Ravager  
  119  6:42  Drone x2  
  119  6:43  Drone  
  122  6:50  Evolution Chamber  
  122  6:52  Evolution Chamber  
  120  6:56  Hatchery  
  120  6:57  Overlord x2  
  120  7:00  Roach  
  120  7:01  Roach x4  
  129  7:04  Ravager  
  121  7:19  Roach x7  
  113  7:34  Roach x4  
  85  7:44  Roach  
  85  7:45  Roach x2  
  86  8:01  Roach x3  
  84  8:09  Roach  
  82  8:15  Zergling x4  
  84  8:28  Hatchery  
  83  8:37  Roach x4  
  90  8:45  Drone x4  
  90  8:47  Roach  
  88  9:04  Roach  
  88  9:05  Roach x3  
  92  9:12  Zergling x4  
  92  9:16  Zergling x2  
  80  9:25  Zergling x6  
  83  9:34  Queen  
  83  9:36  Zergling x6  
  88  9:41  Zergling x6  
  91  9:49  Hydralisk  
  91  9:51  Grooved Spines  
  93  9:59  Zergling x2  
  96  10:00  Zergling x16  
  102  10:08  Zergling x6  
  102  10:10  Baneling Nest, Hatchery  
  102  10:11  Extractor x2  
  101  10:18  Hydralisk x4  
  107  10:33  Roach  
  107  10:34  Roach x8  
  112  10:40  Roach x2  
  93  10:46  Roach  
  93  10:47  Roach x3  
  81  10:50  Hydralisk x6  
Tags
 
Add a new tag
Caveats
  • Supply blocks, unpowered buildings, or Contaminate may cause inaccurate times.
  • Supply counts are checked every 10 seconds.